 Dungeon Crawl Stone Soup version 0.31.0-11-ge490571c62 (webtiles) character file.

Game seed: 12434361815717797642

98 qw the Shooter (level 4, -5/22 HPs)
             Began as a Spriggan Hunter on Feb 5, 2024.
             Slain by Grinder (7 damage)
             ... while paralysed by Grinder
             ... on level 3 of the Dungeon.
             The game lasted 00:01:23 (2493 turns).

qw the Shooter (Spriggan Hunter)                    Turns: 2493, Time: 00:01:24

Health: -5/22      AC:  2    Str:  7    XL:     4   Next: 43%
Magic:  5/5        EV:  4    Int: 10    God:
Gold:   164        SH:  0    Dex: 20    Spells: 3/3 levels left

rFire   . . .        a - +0 shortbow
rCold   . . .        (shield currently unavailable)
rNeg    . . .        c - +0 robe
rPois   .            (helmet restricted)
rElec   .            (no cloak)
rCorr   .            (gloves unavailable)
SInv    +            (boots unavailable)
Will    .....        (no amulet)
Stlth   ++           (no ring)
HPRegen 0.23/turn    (no ring)
MPRegen 0.09/turn

%: no passive effects
@: paralysed, hasted, very quick
A: very small, no large weapons, unfitting armour, see invisible, speed 3
a: no special abilities


You were on level 3 of the Dungeon.
You visited 1 branch of the dungeon, and saw 3 of its levels.

You collected 164 gold pieces.


Innate Abilities, Weirdness & Mutations

You are very small and have problems with some larger weapons.
You are too small for most types of armour.
You have supernaturally acute eyesight. (SInv)
You cover ground extremely quickly. (Speed+++)


   Skills:
 - Level 1.5 Fighting
 - Level 5.0 Ranged Weapons
 + Level 4.9 Dodging
 - Level 1.5 Stealth


You had 3 spell levels left.
You didn't know any spells.
Your spell library was empty.

Inventory:

Hand Weapons
 a - a +0 shortbow (weapon)
Armour
 c - a +0 robe (worn)
 k - a scarf of harm
Scrolls
 b - a scroll of identify
 i - a scroll of teleportation
Potions
 d - a potion of curing
 e - a potion of cancellation {unknown}
 f - a potion of attraction {unknown}
 h - 2 potions of might
 j - a potion of mutation {unknown}

Dungeon Overview and Level Annotations

Branches:
Dungeon (3/15)

Altars:

Annotations:
D:3 Grinder


Message History

You shoot an arrow. The arrow closely misses Grinder.
Grinder blinks!
Grinder is nearby!
You shoot an arrow.
The arrow hits Grinder but does no damage.
Grinder is lightly wounded.
You shoot an arrow. The arrow closely misses Grinder.
You shoot an arrow. The arrow barely misses Grinder.
Grinder blinks!
Grinder is nearby!
You shoot an arrow. The arrow hits Grinder!
Grinder is moderately wounded.
You shoot an arrow.
The arrow hits Grinder but does no damage.
Grinder is moderately wounded.
You shoot an arrow.
The arrow hits Grinder but does no damage.
Grinder is moderately wounded.
You shoot an arrow. The arrow barely misses Grinder.
Grinder hits you.
You writhe in agony.
You shoot an arrow. The arrow hits Grinder.
Grinder is heavily wounded.
Grinder misses you.
You shoot an arrow. The arrow hits Grinder.
Grinder is heavily wounded.
You shoot an arrow. The arrow closely misses Grinder.
Grinder hits you!
You writhe in agony.
You shoot an arrow.
The arrow hits Grinder but does no damage.
Grinder is heavily wounded.
Grinder gestures at you.
You suddenly lose the ability to move!
Grinder hits you.
You writhe in agony.
Grinder sighs, "No one appreciates my work."
Grinder gestures at you. Pain shoots through your body!
Grinder hits you but does no damage. Grinder hits you!
You die...
Grinder says, "Hey, I wasn't done torturing you yet!"

...#
#)#.###...#.###
...#
#.#............
...#
#.#..#......##.
#+##
##..............
.............###
##########...#
##..## ##....#
#....@#
.........5.....#
#...............
##P#..#........#
####.#...###..#
#.#.... .#
#.#...## # ####
#.#....
#...#..#...##


You could see Grinder.

Vanquished Creatures
  4 adders
  3 dart slugs
  3 ribbon worms (D:2)
  An orc (D:3)
  8 ball pythons
  5 endoplasms
  4 giant cockroaches
  4 goblins
  2 hobgoblins
  2 quokkas
  5 bats
  2 frilled lizards (D:1)
  3 kobolds (D:3)
  5 rats
51 creatures vanquished.

Notes
Turn   | Place    | Note
-------+----------+-------------------------------------------
     0 | D:1      | qw the Spriggan Hunter began the quest for the Orb.
     0 | D:1      | Reached XP level 1. HP: 10/10 MP: 2/2
     0 | D:1      | 0 ||| qw: Version: 0.3-a-160-g6735b56
     0 | D:1      | 0 ||| qw: Game counter: 6290
     0 | D:1      | 0 ||| qw: Melee chars always use a shield: true
     0 | D:1      | 0 ||| qw: God list: Okawaru
     0 | D:1      | 0 ||| qw: Allow faded altars: false
     0 | D:1      | 0 ||| qw: Do Orc after clearing Dungeon:15 true
     0 | D:1      | 0 ||| qw: Do second Lair branch before Depths: true
     0 | D:1      | 0 ||| qw: Lair rune preference: random
     0 | D:1      | 0 ||| qw: Goals: Normal
     0 | D:1      | 0 ||| PLANNING D:1-11
    99 | D:1      | Reached skill level 3 in Dodging
   258 | D:1      | Reached XP level 2. HP: 14/14 MP: 3/3
   633 | D:1      | 633 ||| READING scroll labelled USOALIF KOON.
   634 | D:1      | 634 ||| READING scroll labelled SEIGETTOA.
   635 | D:1      | 635 ||| READING 2 scrolls labelled BICIPI TINUH.
   635 | D:1      | 635 ||| IDENTIFYING amethyst potion
   636 | D:1      | 636 ||| READING scroll of identify.
   636 | D:1      | 636 ||| IDENTIFYING blue potion
   637 | D:1      | 637 ||| READING 2 scrolls labelled ESOWEPHYWK.
   640 | D:1      | 640 ||| DROPPING scroll of butterflies.
   788 | D:2      | Reached XP level 3. HP: 5/18 MP: 4/4
  1195 | D:2      | Reached skill level 5 in Ranged Weapons
  1408 | D:2      | Reached XP level 4. HP: 18/22 MP: 5/5
  1493 | D:2      | You fall into a shaft and drop 1 floor!
  1662 | D:3      | 1662 ||| READING 2 scrolls of identify.
  1662 | D:3      | 1662 ||| IDENTIFYING ruby potion
  2469 | D:3      | Noticed Grinder
  2470 | D:3      | 2470 ||| DRINKING potion of haste.
  2489 | D:3      | Paralysed by Grinder for 5 turns
  2490 | D:3      | HP: 3/22 [Grinder (4)]
  2493 | D:3      | Slain by Grinder

Levels and vault maps discovered:
D:1:      wander_arrival_desolate, layout_loops_ring, serial_aquarium,
          aquarium_bridge_long_separate [aquarium_subvault_bridge,
          aquarium_subvault_window, aquarium_subvault_bridge,
          aquarium_subvault_bridge, aquarium_subvault_wall,
          aquarium_subvault_bridge], aquarium_bridge_straight
          [aquarium_subvault_bridge, aquarium_subvault_window,
          aquarium_subvault_bridge, aquarium_subvault_wall],
          aquarium_window_double, aquarium_window_1, aquarium_view_2g,
          aquarium_pool_side
D:2:      minmay_skewed_foursquare, layout_basic, kennysheep_generic_room_2
D:3:      layout_basic, amethyst_killhole, minmay_quantized,
          uniq_crazy_yiuf_cottage, uniq_grinder

Skill      XL: |  1  2  3 |
---------------+----------+-----
Dodging        | 3 4 |  4.9
Ranged Weapons | 5 |  5.0
Fighting       | |  1.5
Stealth        | |  1.5

Action                     |  1- 3 |  4- 6 || total
---------------------------+-------+-------++-------
   Fire: Shortbow          |   134 |    45 ||   179
    Use: Scroll            |     5 |     1 ||     6
         Potion            |       |     1 ||     1
 Armour: Robe              |    15 |     6 ||    21
  Dodge: Dodged            |    62 |     4 ||    66

Table legend:
 A = Non-vault XP
 B = Vault XP
 C = Vault XP percentage of total XP
 D = Non-vault monster count
 E = Vault monster count
 F = Vault count percentage of total count
                 A         B        C        D         E       F
            +---------+---------+-------+---------+---------+-------
      Total |      88 |      52 |  37.1 |      38 |      13 |  25.5
            +---------+---------+-------+---------+---------+-------
        D:1 |      22 |       0 |   0.0 |      14 |       0 |   0.0
        D:2 |      58 |      31 |  34.8 |      19 |       9 |  32.1
        D:3 |       8 |      21 |  72.4 |       5 |       4 |  44.4
            +---------+---------+-------+---------+---------+-------
